[Event "Titled Tuesday Blitz July 11 Late 2023"]
[White "Rangel, Daniel"]
[Black "Gareyev, Timur"]
[WhiteFideId "2124475"]
[BlackFideId "14200937"]
[WhiteElo "2460"]
[BlackElo "2835"]
[Result "1-0"]
[Round "1"]
[TimeControl "180+2"]
[Date "2023.07.11"]
[WhiteClock "0:00:27"]
[BlackClock "0:00:03"]
[Board "47"]

1. c4 a5 2. g3 h5 3. Nf3 d6 4. d4 Na6 5. Nc3 g6 6. Bg2 Bg7 7. O-O c6 8. Bg5 Nc7 9. d5 Bd7 10. e4 Nf6 11. e5 dxe5 12. Nxe5 cxd5 13. cxd5 Ra6 14. Re1 O-O 15. Qb3 Nh7 16. Nxd7 Nxg5 17. Nxf8 Bxf8 18. Qxb7 Rf6 19. h4 Nh7 20. Rac1 Ne8 21. Ne4 Rb6 22. Qc8 Qxc8 23. Rxc8 Nhf6 24. Nxf6+ Nxf6 25. b3 Kg7 26. Ra8 Rb5 27. Rc1 Rb4 28. Rcc8 Nh7 29. Rxa5 Rd4 30. Bf3 g5 31. Ra4 Rd3 32. Be4 Rd1+ 33. Kg2 Nf6 34. Bf3 g4 35. Bxd1 1-0


[Site "https://www.chess.com"]

[Event "Titled Tuesday Blitz July 11 Late 2023"]
[White "Elsa167"]
[Black "whiteglovethief"]
[WhiteElo "2826"]
[BlackElo "2457"]
[Result "1-0"]
[Round "1"]
[TimeControl "180+2"]
[Date "2023.07.11"]
[WhiteClock "0:00:07"]
[BlackClock "0:00:08"]
[Board "48"]

1. d4 Nf6 2. c4 g6 3. Nc3 Bg7 4. e4 d6 5. h3 O-O 6. Be3 e5 7. d5 a5 8. g4 Na6 9. Nge2 Nc5 10. Ng3 Ne8 11. h4 c6 12. dxc6 Qb6 13. Nd5 Qxb2 14. Rb1 Qxa2 15. Bxc5 dxc5 16. Nc3 Bxg4 17. Nxa2 Bxd1 18. cxb7 Rb8 19. Kxd1 Nd6 20. Nc3 Rxb7 21. Rxb7 Nxb7 22. Bh3 Nd6 23. Kc2 Nxc4 24. Nd5 f5 25. exf5 e4 26. Nxe4 gxf5 27. Bxf5 Bd4 28. Be6+ Kh8 29. f4 Rb8 30. Ndc3 Na3+ 31. Kd3 Rd8 32. Ke2 Rb8 33. f5 Rb2+ 34. Kf3 c4 35. Rd1 Nc2 36. f6 Rb3 37. Bxc4 Ra3 38. Kf4 Bxf6 39. Nxf6 Rxc3 40. Be6 Kg7 41. Ne4 Rc7 42. Rg1+ Kh6 43. Nd6 Nd4 44. Bg4 Nc6 45. Nf5+ Kg6 46. Bf3+ Kf6 47. Ne3 Ne7 48. Be4 Ke6 49. Re1 Ng6+ 50. Bxg6 hxg6 51. Ng4+ Kd5 52. Kg5 Rc5 53. Kxg6 a4 54. h5 Kc4 55. h6 Rc6+ 56. Nf6 Rc8 57. h7 Kb3 58. Ng8 Rc6+ 59. Kf7 Rc7+ 60. Re7 Rc3 61. h8=Q Rf3+ 62. Ke8 a3 63. Rb7+ Ka2 64. Qh2+ Ka1 65. Qh1+ Rf1 66. Qxf1+ Ka2 67. Qb1# 1-0


[Site "https://www.chess.com"]

[Event "Titled Tuesday Blitz July 11 Late 2023"]
[White "Nunez V, Gustavo Eduardo"]
[Black "Warmerdam, Max"]
[WhiteFideId "4403690"]
[BlackFideId "1048104"]
[WhiteElo "2456"]
[BlackElo "2815"]
[Result "0-1"]
[Round "1"]
[TimeControl "180+2"]
[Date "2023.07.11"]
[WhiteClock "0:00:04"]
[BlackClock "0:01:27"]
[Board "49"]

1. e4 c6 2. d3 d5 3. Nd2 g6 4. g3 Bg7 5. Bg2 e5 6. Ne2 Nf6 7. O-O O-O 8. h3 dxe4 9. Nxe4 Nxe4 10. dxe4 Be6 11. Qxd8 Rxd8 12. c3 Nd7 13. Be3 Bf8 14. b3 Bc5 15. Bxc5 Nxc5 16. Rfd1 a5 17. f3 Nd3 18. Rd2 Rd7 19. Rad1 Rad8 20. f4 f6 21. fxe5 fxe5 22. c4 Kf7 23. Nc3 Nc5 24. Rxd7+ Bxd7 25. Kf2 Ke7 26. Ke3 Ra8 27. Rb1 Ne6 28. Ne2 c5 29. a3 Bc6 30. Bf3 Nd4 31. Nxd4 exd4+ 32. Kd3 Rf8 33. Ke2 Ke6 34. b4 axb4 35. axb4 Ke5 36. bxc5 Ra8 37. Rb2 Ra5 38. Kd3 Ra3+ 39. Ke2 Rc3 40. Rb4 Rc2+ 41. Kd3 Rf2 42. Bh1 Rf1 43. Bg2 Rg1 44. Bf3 Rxg3 45. Ke2 Rxh3 46. Kf2 Rh2+ 47. Kg3 Rc2 48. Rb1 Rxc4 49. Rh1 h5 50. Kh4 d3 51. Kg5 Bxe4 52. Bxe4 Rxe4 53. Kxg6 h4 54. Rh3 Kd4 55. Kf5 d2 56. Rh1 h3 57. Rd1 Re2 58. Kf4 h2 59. Kf3 Kd3 60. Ra1 Re1 61. Ra3+ Kc4 62. Ra4+ Kxc5 63. Ra5+ b5 64. Ra8 d1=Q+ 65. Kf4 Qd4+ 66. Kg5 Qe5+ 67. Kh6 h1=Q+ 68. Kg6 Rg1+ 69. Kf7 Qh7+ 70. Kf8 Rg8# 0-1


[Site "https://www.chess.com"]

[Event "Titled Tuesday Blitz July 11 Late 2023"]
[White "Le Goff, Ronan"]
[Black "Talibov, Shiroghlan"]
[WhiteFideId "612073"]
[BlackFideId "13429078"]
[WhiteElo "2454"]
[BlackElo "2811"]
[Result "0-1"]
[Round "1"]
[TimeControl "180+2"]
[Date "2023.07.11"]
[WhiteClock "0:00:44"]
[BlackClock "0:00:36"]
[Board "51"]

1. d4 d5 2. c4 e6 3. Nc3 c6 4. cxd5 exd5 5. Qc2 Bd6 6. Nf3 f5 7. Bg5 Ne7 8. e3 O-O 9. Bd3 Be6 10. O-O-O b5 11. Kb1 a5 12. Ne2 Na6 13. Nf4 Bd7 14. Ne5 a4 15. Bxe7 Qxe7 16. Nxc6 Qe8 17. Bxb5 a3 18. Nxd5 axb2 19. Nb6 Nb4 20. Qb3+ Kh8 21. Nxd7 Qxd7 22. Nxb4 Qxb5 23. Nd3 Qc6 24. Ne5 Bxe5 25. dxe5 Rfc8 26. e6 Rab8 27. Qxb8 Qc2# 0-1


[Site "https://www.chess.com"]

[Event "Titled Tuesday Blitz July 11 Late 2023"]
[White "Cardoso Cardoso, Jose Gabriel"]
[Black "Karas, Marek"]
[WhiteFideId "4430492"]
[BlackFideId "14928558"]
[WhiteElo "2811"]
[BlackElo "2454"]
[Result "0-1"]
[Round "1"]
[TimeControl "180+2"]
[Date "2023.07.11"]
[WhiteClock "0:00:00"]
[BlackClock "0:00:04"]
[Board "52"]

1. d4 Nf6 2. c4 e6 3. Nc3 Bb4 4. e3 O-O 5. Bd3 d5 6. cxd5 exd5 7. a3 Be7 8. Nge2 c5 9. dxc5 Bxc5 10. b4 Be7 11. Bb2 Nc6 12. Nb5 Bg4 13. O-O a6 14. Nbd4 Ne5 15. Rc1 Nxd3 16. Qxd3 Rc8 17. Ng3 Re8 18. h3 Bd7 19. Ndf5 Bf8 20. Rxc8 Bxc8 21. Bxf6 Qxf6 22. Qxd5 Qc3 23. Ne4 Qxa3 24. Ng5 Be6 25. Nxe6 Rxe6 26. Qxb7 Qxb4 27. Qa8 g6 28. Nd4 Rb6 29. Rc1 Kg7 30. Qe4 Qe7 31. Qg4 Qf6 32. Rc2 h5 33. Qe4 a5 34. Nf3 Qe6 35. Qd4+ Qf6 36. Qd5 Bd6 37. g4 hxg4 38. hxg4 Bb4 39. Kg2 Qe6 40. Qd4+ Qf6 41. Qe4 Qe6 42. Qf4 Qf6 43. Qc7 Qe6 44. Rc4 Rd6 45. Rf4 Rd7 46. Qc2 Qd6 47. Qb2+ Kg8 48. Rf6 Qe7 49. Ra6 Rd6 50. Ra8+ Rd8 51. Ra6 Qd7 52. Kg3 Qc7+ 53. Kg2 Qd7 54. Kh3 Qd5 55. Qf6 Rd6 56. Rxd6 Qxd6 57. Qb2 Qe6 58. Ng5 Qe7 59. Nf3 Qe6 60. Qc2 Kg7 61. Qb2+ Qf6 62. Qxf6+ Kxf6 63. Nd4 a4 64. f4 a3 65. Nb3 Bc3 66. g5+ Kg7 67. Nc1 Bb2 68. Na2 Kf8 69. Kg4 Ke7 70. e4 Kd6 71. Kf3 Kc5 72. e5 Kc4 73. f5 gxf5 74. Kf4 Kb3 75. Kxf5 Kxa2 76. g6 fxg6+ 77. Kg5 Bxe5 78. Kxg6 Bb2 0-1


[Site "https://www.chess.com"]

[Event "Titled Tuesday Blitz July 11 Late 2023"]
[White "Bochnicka, Vladimir"]
[Black "Troff, Kayden"]
[WhiteFideId "14943450"]
[BlackFideId "2047896"]
[WhiteElo "2452"]
[BlackElo "2805"]
[Result "0-1"]
[Round "1"]
[TimeControl "180+2"]
[Date "2023.07.11"]
[WhiteClock "0:00:16"]
[BlackClock "0:00:15"]
[Board "53"]

1. e4 c5 2. Nf3 g6 3. d4 cxd4 4. Nxd4 Bg7 5. c4 Qb6 6. Nb3 a5 7. Be3 Qb4+ 8. Bd2 Qd6 9. Nc3 a4 10. Nb5 Qc6 11. N3d4 Qxe4+ 12. Be3 Na6 13. Qxa4 Nf6 14. Qc2 O-O 15. Qxe4 Nxe4 16. Bd3 Nec5 17. Be2 Nb4 18. O-O Rxa2 19. Rxa2 Nxa2 20. Bd2 Ne4 21. Ba5 b6 22. Bxb6 Nb4 23. Ra1 Nc6 24. Bf3 Nxd4 25. Bxd4 Nd2 26. Bxg7 Nxf3+ 27. gxf3 Kxg7 28. b4 d6 29. Ra7 Be6 30. Rxe7 Bxc4 31. Nxd6 Bd5 32. Kg2 Kf6 33. Rc7 Ke6 34. Ne4 Rb8 35. Nc5+ Kd6 36. Rd7+ Kc6 37. Rxf7 Bxf7 38. Nd3 Bd5 39. Kg3 Kd6 40. Kf4 Rf8+ 41. Kg5 Rxf3 42. Nf4 Rxf2 43. h4 Rb2 44. Kh6 Be4 0-1


[Site "https://www.chess.com"]

[Event "Titled Tuesday Blitz July 11 Late 2023"]
[White "Krzyzanowski, Marcin"]
[Black "Baches Garcia, Guillermo"]
[WhiteFideId "1132199"]
[BlackFideId "2209764"]
[WhiteElo "2804"]
[BlackElo "2450"]
[Result "0-1"]
[Round "1"]
[TimeControl "180+2"]
[Date "2023.07.11"]
[WhiteClock "0:00:01"]
[BlackClock "0:00:18"]
[Board "54"]

1. e4 c5 2. Nf3 d6 3. d4 cxd4 4. Nxd4 Nf6 5. Nc3 Nc6 6. Bc4 Bd7 7. Bb3 g6 8. Be3 Ng4 9. Nxc6 bxc6 10. Bd2 Bg7 11. h3 Nf6 12. O-O O-O 13. a4 Qc7 14. f4 Rad8 15. Qf3 Bc8 16. Rae1 Ba6 17. Rf2 Nd7 18. h4 Nc5 19. Ba2 Rb8 20. Bc1 Bd4 21. Be3 Bxe3 22. Qxe3 Rxb2 23. f5 Kg7 24. h5 Nd7 25. fxg6 hxg6 26. hxg6 Qb6 27. Qg5 f6 28. Qg4 Ne5 29. Qe6 Rxc2 30. Qxe7+ Kh6 31. Qh7+ Kg5 32. Nd1 Rxf2 33. Nxf2 Ng4 34. Rf1 Bxf1 35. Kh1 Qxf2 36. g7 Qg3 37. g8=Q+ Rxg8 38. Qxg8+ Kf4 39. Qb3 Qxg2# 0-1


[Site "https://www.chess.com"]

[Event "Titled Tuesday Blitz July 11 Late 2023"]
[White "KorolDimitriy75"]
[Black "Morefield, Jason"]
[BlackFideId "30920825"]
[WhiteElo "2449"]
[BlackElo "2802"]
[Result "1-0"]
[Round "1"]
[TimeControl "180+2"]
[Date "2023.07.11"]
[WhiteClock "0:00:10"]
[BlackClock "0:00:01"]
[Board "55"]

1. d4 Nf6 2. c4 e6 3. Nc3 Bb4 4. Qc2 O-O 5. e4 d5 6. cxd5 exd5 7. e5 Ne4 8. Bd3 c5 9. Ne2 cxd4 10. Nxd4 Nc6 11. Nxc6 bxc6 12. O-O f5 13. Nxe4 dxe4 14. Bxe4 fxe4 15. Qb3+ Kh8 16. Qxb4 Ba6 17. Re1 Bd3 18. Be3 Qd5 19. Qd4 Qe6 20. b3 a5 21. Rac1 Rf5 22. Qd6 Rxe5 23. Rxc6 Qf5 24. Rec1 Rg8 25. R6c5 Rxc5 26. Qxc5 Qxc5 27. Rxc5 Ra8 28. Bd2 a4 29. bxa4 Kg8 30. a5 Ra7 31. h3 Kf7 32. Be3 Rb7 33. a3 Rb3 34. Rc7+ Kg6 35. Bd4 Rxa3 36. Rxg7+ Kh6 37. Ra7 Ra4 38. Be3+ Kg6 39. Kh2 Ra2 40. Kg3 Ra4 41. Kf4 Rc4 42. g4 Rc6 43. h4 Rf6+ 44. Ke5 Rc6 45. h5# 1-0


[Site "https://www.chess.com"]

[Event "Titled Tuesday Blitz July 11 Late 2023"]
[White "Zemlyanskii, Ivan"]
[Black "Srdanovic, Jovana"]
[WhiteFideId "24249971"]
[BlackFideId "954810"]
[WhiteElo "2795"]
[BlackElo "2447"]
[Result "1-0"]
[Round "1"]
[TimeControl "180+2"]
[Date "2023.07.11"]
[WhiteClock "0:01:50"]
[BlackClock "0:00:17"]
[Board "56"]

1. d4 d5 2. Bf4 Nf6 3. e3 Bf5 4. Nf3 e6 5. c4 c6 6. Qb3 Qb6 7. Nc3 Nbd7 8. c5 Qxb3 9. axb3 h6 10. h3 g5 11. Bh2 Ne4 12. b4 Nxc3 13. bxc3 Nf6 14. b5 Ne4 15. bxc6 bxc6 16. Ba6 Kd7 17. Bb7 Bg7 18. Ra6 Nxc3 19. Bxc6+ Ke7 20. Bd6+ Kf6 21. Bxa8 Rxa8 22. Ne5 Nb5 23. g4 Nxd6 24. cxd6 Rb8 25. Nd7+ Kg6 26. Nxb8 1-0


[Site "https://www.chess.com"]

[Event "Titled Tuesday Blitz July 11 Late 2023"]
[White "Matt, Fabian"]
[Black "Bartel, Mateusz"]
[WhiteFideId "1623303"]
[BlackFideId "1112635"]
[WhiteElo "2446"]
[BlackElo "2793"]
[Result "0-1"]
[Round "1"]
[TimeControl "180+2"]
[Date "2023.07.11"]
[WhiteClock "0:00:28"]
[BlackClock "0:00:46"]
[Board "57"]

1. d4 f5 2. Nf3 Nf6 3. g3 g6 4. Bg2 Bg7 5. O-O O-O 6. c4 d6 7. Nc3 c6 8. Qc2 Na6 9. e4 fxe4 10. Nxe4 Bf5 11. Nxf6+ exf6 12. Qb3 Qb6 13. Bf4 Qxb3 14. axb3 Rad8 15. Rfe1 g5 16. Bd2 Rde8 17. b4 Bd3 18. Rxe8 Rxe8 19. b3 h6 20. Bf1 Be4 21. Ne1 f5 22. Be3 f4 23. gxf4 gxf4 24. Bxf4 Bxd4 25. Rd1 Bc3 26. Bxd6 Nxb4 27. Bg2 Bg6 28. Bc5 Rxe1+ 0-1


[Site "https://www.chess.com"]

[Event "Titled Tuesday Blitz July 11 Late 2023"]
[White "carokannlover213"]
[Black "Flynn, Jacob"]
[BlackFideId "2509393"]
[WhiteElo "2792"]
[BlackElo "2444"]
[Result "1/2-1/2"]
[Round "1"]
[TimeControl "180+2"]
[Date "2023.07.11"]
[WhiteClock "0:00:06"]
[BlackClock "0:00:07"]
[Board "58"]

1. d4 Nf6 2. c4 e6 3. Nc3 Bb4 4. e3 O-O 5. Bd2 d5 6. Nf3 b6 7. cxd5 exd5 8. Bd3 Bb7 9. Rc1 a6 10. O-O Nbd7 11. Ne5 Bd6 12. f4 c5 13. Qf3 Rc8 14. Qh3 Rc7 15. g4 Ne4 16. Be1 Nxc3 17. bxc3 Nf6 18. Bh4 g6 19. f5 Be7 20. g5 Ne4 21. f6 Bd6 22. Bxe4 Bc8 23. Bf5 Bxf5 24. Rxf5 gxf5 25. Bg3 Re8 26. Qxf5 Qc8 27. Qf3 cxd4 28. exd4 b5 29. Qxd5 Bxe5 30. Bxe5 Qg4+ 31. Qg2 Qxg2+ 32. Kxg2 Rc4 33. h4 b4 34. Kf3 Rxc3+ 35. Rxc3 bxc3 36. Ke2 c2 37. Kd2 Rc8 38. Kc1 Kf8 39. h5 Ke8 40. Bd6 Rc4 41. Bc5 a5 42. Bb6 a4 43. Bc5 Rc3 44. Bd6 Rh3 45. h6 Rh5 46. Bf4 Rh4 47. Be3 Rh2 48. Bf4 Rg2 49. a3 Kd7 50. Bd2 Kc6 51. Kxc2 Kd5 52. Kd3 Rg3+ 53. Be3 Rf3 54. Ke2 Rg3 55. Kd3 Rg2 56. Bd2 Rh2 57. Bb4 Rh3+ 58. Kc2 Kxd4 59. Bf8 Rh2+ 60. Kb1 Kc3 61. Bb4+ Kb3 62. Kc1 Rg2 63. Bf8 Rxg5 64. Kd2 Rg3 65. Ke2 Rg6 66. Be7 Rxh6 67. Ke3 Rh3+ 68. Kf4 Ka2 69. Kg5 h5 70. Kh6 Rh1 71. Kg7 h4 72. Kxf7 h3 73. Bd6 Rf1 74. Kg7 Rg1+ 75. Kf8 Rf1 76. f7 h2 77. Bxh2 Kxa3 78. Ke8 Kb3 79. f8=Q Rxf8+ 80. Kxf8 a3 81. Be5 a2 82. Kf7 Kc2 83. Ke6 Kb1 84. Kd5 a1=Q 85. Bxa1 1/2-1/2


[Site "https://www.chess.com"]

[Event "Titled Tuesday Blitz July 11 Late 2023"]
[White "Sztokbant, Bernardo Vainzoff"]
[Black "Svane, Frederik"]
[WhiteFideId "2115956"]
[BlackFideId "12923044"]
[WhiteElo "2442"]
[BlackElo "2791"]
[Result "0-1"]
[Round "1"]
[TimeControl "180+2"]
[Date "2023.07.11"]
[WhiteClock "0:00:00"]
[BlackClock "0:00:35"]
[Board "59"]

1. e4 c5 2. Nc3 e6 3. f4 Nc6 4. Nf3 g6 5. g3 Bg7 6. Bg2 Nge7 7. O-O O-O 8. d3 b6 9. Kh1 Bb7 10. e5 d6 11. exd6 Qxd6 12. Qe2 Nf5 13. Ne4 Qd7 14. c3 Rad8 15. Rd1 Rfe8 16. Be3 Nxe3 17. Qxe3 f5 18. Nf2 e5 19. Re1 h6 20. Rad1 Kh7 21. Kg1 Re7 22. a3 Rde8 23. Qc1 exf4 24. Qxf4 Rxe1+ 25. Rxe1 Rxe1+ 26. Nxe1 g5 27. Qe3 Kg6 28. Bh3 Ne5 29. Bg2 Ba6 30. Bh3 Bf6 31. Bg2 Bb5 32. Bh3 g4 33. Bg2 h5 34. b4 Qd6 35. bxc5 bxc5 36. d4 cxd4 37. cxd4 Nc4 38. Qb3 Bxd4 39. Qxb5 Bxf2+ 40. Kxf2 Qd2+ 41. Kg1 Qe3+ 42. Kh1 Qxe1+ 0-1


[Site "https://www.chess.com"]

[Event "Titled Tuesday Blitz July 11 Late 2023"]
[White "Klimkowski, Jan"]
[Black "Mujumdar, Sameer"]
[WhiteFideId "21856222"]
[BlackFideId "2029707"]
[WhiteElo "2790"]
[BlackElo "2441"]
[Result "0-1"]
[Round "1"]
[TimeControl "180+2"]
[Date "2023.07.11"]
[WhiteClock "0:00:26"]
[BlackClock "0:00:20"]
[Board "60"]

1. e4 c6 2. d4 d5 3. e5 Bf5 4. c4 e6 5. Nc3 Bb4 6. cxd5 cxd5 7. h4 h6 8. h5 Nc6 9. g4 Bh7 10. a3 Ba5 11. b4 Bb6 12. Nge2 Nge7 13. Bg2 O-O 14. O-O f6 15. exf6 Rxf6 16. Be3 Qd6 17. f4 Raf8 18. Qd2 a6 19. Rac1 g6 20. hxg6 Bxg6 21. f5 exf5 22. Bxh6 R8f7 23. Bf4 Qd7 24. Na4 Ba7 25. g5 Re6 26. Nc5 Bxc5 27. dxc5 Bh5 28. Nd4 Re4 29. Nxc6 bxc6 30. Rce1 Qe6 31. Bd6 Ng6 32. Bxe4 fxe4 33. Rxf7 Qxf7 34. Rf1 Bf3 35. Qh2 Qf5 36. Qg3 d4 37. a4 d3 38. Rf2 Qd5 39. Bf4 Qb3 40. Bd2 Qd1+ 41. Rf1 Qxd2 42. Qb8+ Nf8 43. Rf2 Qe1+ 44. Rf1 d2 45. Qd6 d1=Q 46. Qxd1 Qg3# 0-1


[Site "https://www.chess.com"]

[Event "Titled Tuesday Blitz July 11 Late 2023"]
[White "Jonkman, Harmen"]
[Black "Kadric, Denis"]
[WhiteFideId "1002708"]
[BlackFideId "14403803"]
[WhiteElo "2436"]
[BlackElo "2787"]
[Result "0-1"]
[Round "1"]
[TimeControl "180+2"]
[Date "2023.07.11"]
[WhiteClock "0:00:00"]
[BlackClock "0:00:19"]
[Board "61"]

1. d4 d6 2. e4 Nf6 3. Nc3 Nbd7 4. g4 h6 5. Bg2 e5 6. h3 c6 7. Nge2 b5 8. Ng3 Bb7 9. Be3 Qc7 10. a3 g6 11. Qd2 Nb6 12. b3 h5 13. g5 Nfd7 14. f4 exf4 15. Bxf4 Bg7 16. O-O-O O-O 17. Qe2 Rfe8 18. Nxh5 gxh5 19. Qxh5 Nf8 20. Qf3 a5 21. h4 b4 22. axb4 axb4 23. Nb1 c5 24. d5 c4 25. h5 cxb3 26. Qxb3 Nc4 27. e5 Bxe5 28. Bxe5 Rxe5 29. g6 Ne3 30. gxf7+ Qxf7 31. Rdf1 Nxf1 32. Rxf1 Rf5 33. Rg1 Kh8 34. Qxb4 Rc8 35. Nc3 Rf2 36. Qd4+ Qf6 37. Qxf6+ Rxf6 38. Ne4 Rh6 39. Ng5 Rc7 40. Rf1 Kg8 0-1


[Site "https://www.chess.com"]

[Event "Titled Tuesday Blitz July 11 Late 2023"]
[White "Licznerski, Lukasz"]
[Black "Bouget, Alexandre"]
[WhiteFideId "1179250"]
[BlackFideId "681318"]
[WhiteElo "2787"]
[BlackElo "2432"]
[Result "1-0"]
[Round "1"]
[TimeControl "180+2"]
[Date "2023.07.11"]
[WhiteClock "0:00:06"]
[BlackClock "0:00:00"]
[Board "62"]

1. e4 e5 2. Nf3 Nc6 3. Bb5 a6 4. Bxc6 dxc6 5. O-O f6 6. d4 Bg4 7. c3 Bd6 8. Be3 Ne7 9. Nbd2 Ng6 10. Qb3 Qe7 11. Qxb7 O-O 12. Qxc6 exd4 13. cxd4 Nf4 14. Bxf4 Bxf4 15. h3 Bh5 16. Qc5 Qf7 17. Qc4 Qxc4 18. Nxc4 Bxf3 19. gxf3 Rfd8 20. Rfd1 Rab8 21. Rd3 Rb5 22. d5 Kf7 23. Rad1 h5 24. Ra3 c6 25. d6 Ke6 26. Rxa6 Rc5 27. b3 Bxd6 28. Kf1 Rd7 29. Ke2 g5 30. Rd4 Bf4 31. Rxd7 Kxd7 32. Ra5 Rxa5 33. Nxa5 Kc7 34. Kd3 Kb6 35. Nc4+ Kb5 36. a3 Kc5 37. Kc3 Bh2 38. b4+ Kb5 39. Kb3 Bg1 40. Nd6+ Kb6 41. Ne8 Bxf2 42. Nxf6 Be3 43. Nxh5 1-0


[Site "https://www.chess.com"]

[Event "Titled Tuesday Blitz July 11 Late 2023"]
[White "Bueno, Alfeu Junior Varela"]
[Black "Perez Ponsa, Federico"]
[WhiteFideId "2108879"]
[BlackFideId "117927"]
[WhiteElo "2431"]
[BlackElo "2784"]
[Result "0-1"]
[Round "1"]
[TimeControl "180+2"]
[Date "2023.07.11"]
[WhiteClock "0:00:02"]
[BlackClock "0:01:48"]
[Board "63"]

1. e4 c5 2. Nc3 Nc6 3. f4 g6 4. Nf3 Bg7 5. Bb5 Nd4 6. O-O a6 7. Bc4 e6 8. d3 Ne7 9. Nxd4 cxd4 10. Ne2 d5 11. Bb3 dxe4 12. dxe4 O-O 13. Ng3 Nc6 14. f5 Qh4 15. Qf3 Ne5 16. Qf4 Qxf4 17. Bxf4 b5 18. Rad1 a5 19. a3 a4 20. Ba2 Nc4 21. Bxc4 bxc4 22. Bd6 Re8 23. f6 Bh6 24. e5 Be3+ 25. Kh1 Bb7 26. Ne2 c3 27. bxc3 Ba6 28. Nxd4 Bxf1 29. Rxf1 Rec8 30. Bb4 Bxd4 31. cxd4 Rxc2 32. h3 Rac8 33. Bc5 Rb8 34. Bb4 h5 35. Rd1 Rb5 36. Rd3 Kh7 37. Kh2 g5 38. Kg3 Kg6 39. Kf3 Rb2 40. g4 h4 41. Ke4 Rd5 42. Rc3 Re2+ 43. Kf3 Rd2 44. Rc8 R2xd4 45. Rg8+ Kh7 46. Rg7+ Kh6 47. Rxf7 Rf4+ 48. Ke3 Rxe5+ 49. Kd3 Kg6 50. Rf8 Rd5+ 51. Ke3 Rxf6 52. Rg8+ Kh7 53. Rxg5 Rxg5 0-1


[Site "https://www.chess.com"]

[Event "Titled Tuesday Blitz July 11 Late 2023"]
[White "Kushko, Dmitriy"]
[Black "SergioMoralesG"]
[WhiteFideId "14162261"]
[WhiteElo "2784"]
[BlackElo "2431"]
[Result "0-1"]
[Round "1"]
[TimeControl "180+2"]
[Date "2023.07.11"]
[WhiteClock "0:00:00"]
[BlackClock "0:00:16"]
[Board "64"]

1. Nf3 d5 2. g3 Bg4 3. Bg2 Nd7 4. h3 Bh5 5. d4 Ngf6 6. O-O e6 7. c4 c6 8. cxd5 exd5 9. Qb3 Qb6 10. Qe3+ Be7 11. Nh4 Bg6 12. Nc3 Qd8 13. Nxg6 hxg6 14. Qd3 O-O 15. Bd2 Re8 16. Rad1 Bd6 17. Bf3 Qe7 18. Kg2 Ne4 19. Bc1 Ndf6 20. h4 Nh7 21. Rh1 Nhf6 22. Rh3 Nh5 23. e3 f5 24. Ne2 Bc7 25. Nf4 Bxf4 26. exf4 Qb4 27. Rhh1 a5 28. Rhe1 Kh7 29. Re2 Nhf6 30. Rh1 Kg8 31. h5 Nxh5 32. Bxh5 gxh5 33. Rxh5 g6 34. Rh1 Kg7 35. Rhe1 a4 36. f3 Nf6 37. Re5 Qxe1 38. Rxe1 Rxe1 39. Bd2 Re6 40. Kf2 Rae8 41. Bb4 Nd7 42. b3 axb3 43. axb3 Nf6 44. Qd1 Nh5 45. g4 Re2+ 46. Qxe2 Rxe2+ 47. Kxe2 Nxf4+ 48. Ke3 Ne6 49. gxf5 gxf5 50. Bd6 Kf6 51. Be5+ Kg5 52. Bd6 f4+ 53. Kd3 Kh4 54. Be5 Kg3 55. Ke2 Ng5 0-1


[Site "https://www.chess.com"]

[Event "Titled Tuesday Blitz July 11 Late 2023"]
[White "Mika, Tomasz"]
[Black "Schmakel, Sam"]
[WhiteFideId "1132970"]
[BlackFideId "2039311"]
[WhiteElo "2430"]
[BlackElo "2784"]
[Result "0-1"]
[Round "1"]
[TimeControl "180+2"]
[Date "2023.07.11"]
[WhiteClock "0:00:03"]
[BlackClock "0:00:18"]
[Board "65"]

1. d4 g6 2. Bf4 Bg7 3. Nc3 d6 4. e4 Nc6 5. Nf3 Bg4 6. d5 Nb8 7. Be2 Nf6 8. Qd2 c6 9. h3 Bxf3 10. Bxf3 cxd5 11. exd5 Nbd7 12. O-O O-O 13. Rfe1 a6 14. Rac1 b5 15. Ne2 Nb6 16. c3 Rc8 17. b3 Qd7 18. Qd3 Rc7 19. Be3 Rb8 20. c4 bxc4 21. bxc4 Na4 22. Nd4 Nc5 23. Qe2 Na4 24. Nc6 Rb2 25. Rc2 Rcb7 26. Rec1 Ne8 27. Rxb2 Rxb2 28. Rc2 Rb1+ 29. Kh2 e5 30. g4 f5 31. gxf5 gxf5 32. Bg5 e4 33. Bh5 Nf6 34. Bxf6 Bxf6 35. f3 Qg7 36. Qg2 Bg5 37. h4 Bf4+ 38. Kh3 Rh1+ 39. Qxh1 Qg3# 0-1


[Site "https://www.chess.com"]

[Event "Titled Tuesday Blitz July 11 Late 2023"]
[White "Khanin, Semen"]
[Black "Goncalves, Davi Sulzbacher"]
[WhiteFideId "4111990"]
[BlackFideId "2154510"]
[WhiteElo "2779"]
[BlackElo "2430"]
[Result "0-1"]
[Round "1"]
[TimeControl "180+2"]
[Date "2023.07.11"]
[WhiteClock "0:00:00"]
[BlackClock "0:00:22"]
[Board "66"]

1. e4 c5 2. Nf3 Nc6 3. c3 Nf6 4. e5 Nd5 5. Bc4 Nb6 6. Bb3 c4 7. Bc2 Qc7 8. O-O Nxe5 9. Nxe5 Qxe5 10. Re1 Qc7 11. a4 e6 12. a5 Nd5 13. d3 cxd3 14. Qxd3 Be7 15. Na3 d6 16. Nb5 Qd8 17. Bb3 a6 18. Bxd5 axb5 19. Bf3 Rxa5 20. Rxa5 Qxa5 21. b4 Qc7 22. Qxb5+ Bd7 23. Qxb7 Qxc3 24. Rd1 Qc8 25. Qb6 O-O 26. Bb2 Qc4 27. h3 d5 0-1


[Site "https://www.chess.com"]

[Event "Titled Tuesday Blitz July 11 Late 2023"]
[White "Rios Escobar, Adan"]
[Black "Goltsev, Dmitry"]
[WhiteFideId "3403645"]
[BlackFideId "24176710"]
[WhiteElo "2425"]
[BlackElo "2777"]
[Result "1-0"]
[Round "1"]
[TimeControl "180+2"]
[Date "2023.07.11"]
[WhiteClock "0:00:01"]
[BlackClock "0:00:01"]
[Board "67"]

1. d4 Nf6 2. g3 e6 3. c4 b6 4. Bg2 d5 5. cxd5 exd5 6. Nc3 c6 7. Nf3 Bd6 8. O-O O-O 9. Bf4 a5 10. Rc1 Ba6 11. Re1 Bxf4 12. gxf4 Nbd7 13. h3 Re8 14. e3 Rc8 15. Ne5 Nxe5 16. fxe5 Nd7 17. Qg4 Nf8 18. Kh2 Rc7 19. Rg1 g6 20. f4 Bd3 21. Bf3 Kh8 22. Rg2 Bf5 23. Qg3 Ne6 24. Rcg1 Ng7 25. a4 Be6 26. Bg4 Qd7 27. Qh4 Qe7 28. Qh6 Rd8 29. h4 Bxg4 30. Rxg4 Nf5 31. Qg5 Qxg5 32. hxg5 Nxe3 33. Rh4 Nf5 34. Rh3 Nxd4 35. Kg2 Ne6 36. Kg3 Kg7 37. Rgh1 Rh8 38. Kg4 Nd4 39. Rc1 h5+ 40. gxh6+ Rxh6 41. Rxh6 Kxh6 42. Nxd5 Rb7 43. Nf6 b5 44. Rh1+ Kg7 45. Rh7+ Kf8 46. Rh8+ Kg7 47. Rg8+ Kh6 48. Kh3 bxa4 49. Ng4+ Kh7 50. Nf6+ Kh6 51. Rh8+ Kg7 52. Ra8 g5 53. fxg5 Kg6 54. Kg4 Kg7 55. Rg8# 1-0


[Site "https://www.chess.com"]

[Event "Titled Tuesday Blitz July 11 Late 2023"]
[White "Tristan, Leonardo"]
[Black "Taranenko, Evgueniy"]
[WhiteFideId "113816"]
[BlackFideId "14122138"]
[WhiteElo "2776"]
[BlackElo "2425"]
[Result "1-0"]
[Round "1"]
[TimeControl "180+2"]
[Date "2023.07.11"]
[WhiteClock "0:00:07"]
[BlackClock "0:00:29"]
[Board "68"]

1. d4 d6 2. e4 c6 3. Nc3 g6 4. a4 Bg7 5. Nf3 Nd7 6. Be2 e5 7. O-O Ngf6 8. h3 O-O 9. Re1 exd4 10. Nxd4 Nc5 11. Bf3 Re8 12. a5 Qc7 13. Bf4 Nfd7 14. Bg3 Ne5 15. Be2 Ne6 16. Nb3 g5 17. Bf1 h6 18. Ra4 Rd8 19. Ne2 Ng6 20. Ned4 Nef4 21. c3 Be6 22. Nf5 d5 23. Nxg7 Kxg7 24. Qc2 dxe4 25. Nc5 Bf5 26. Nxe4 Rd5 27. Qb3 Re8 28. f3 Bxe4 29. fxe4 Rxa5 30. Rxa5 Qxa5 31. Qxb7 Qb6+ 32. Qxb6 axb6 33. Bf2 b5 34. Bd4+ f6 35. g3 Ne6 36. Bf2 Ne5 37. Ra1 Rd8 38. Ra7+ Rd7 39. Ra8 Rd2 40. Ra7+ Kg6 41. b4 Nd3 42. Bxd3 Rxd3 43. Re7 Ng7 44. Bd4 Rxg3+ 45. Kh2 Rd3 46. Kg2 Nh5 47. Rc7 Nf4+ 48. Kf1 Ne6 49. Rd7 Nxd4 50. cxd4 Rxh3 51. Rd6 Rc3 52. Ke2 Rc4 53. e5 Kh5 54. e6 Kg6 55. Rd8 Rc2+ 56. Kd3 Rc1 57. Kd2 Rc4 58. Kd3 Rc1 59. Kd2 Rh1 60. Rf8 Rh2+ 61. Kd3 Rh3+ 62. Kd2 Rh2+ 63. Ke3 Rh3+ 64. Kf2 Rh2+ 65. Kf3 Rh3+ 66. Ke4 Rh4+ 67. Kd3 Rh3+ 68. Kc2 Rh2+ 69. Kd1 Rh1+ 70. Ke2 Rh2+ 71. Kf1 Rh3 72. e7 Re3 73. e8=Q+ Rxe8 74. Rxe8 Kf5 75. Rc8 Ke4 76. Rxc6 f5 77. Rc5 f4 78. Rxb5 g4 79. Rh5 Kxd4 80. Rxh6 Ke3 81. Rf6 Kf3 82. b5 g3 83. b6 Kg4 84. b7 f3 85. Rxf3 g2+ 86. Kxg2 Kh4 87. b8=Q Kg5 88. Qf4+ Kg6 89. Rg3+ Kh5 90. Qg5# 1-0


[Site "https://www.chess.com"]